MLB
DETROIT TIGERS @ CLEVELAND INDIANS
09/14/2018
 
TOP OF THE 1ST
Detroit Tigers batting - Pitching for Cleveland Indians : RHP Ervin Santana
Pitching: RHP Ervin Santana
Batting: RHB Jean Segura 0-0: Ball
1-0: Ball
2-0: Fly out, F9 (Flyball, 89S)
Batting: RHB Jake Marisnick 0-0: Called Strike
0-1: Foul Ball, location: 2F
0-2: Ball
1-2: Ball
2-2: Strikes out swinging
Batting: RHB George Springer 0-0: Ball
1-0: Foul Ball, location: 2F
1-1: Swinging Strike
1-2: Strikes out looking
Top of the 1st over - 0 runs, 0 hits, 0 errors, 0 left on base; Detroit 0 - Cleveland 0
BOTTOM OF THE 1ST
Cleveland Indians batting - Pitching for Detroit Tigers : RHP Jharel Cotton
Pitching: RHP Jharel Cotton
Batting: LHB Jacoby Ellsbury 0-0: Ball
1-0: Ball
2-0: Fly out, F8 (Flyball, 8RM)
Batting: LHB Matt Carpenter 0-0: Called Strike
0-1: Ball
1-1: Called Strike
1-2: Ball
2-2: Ball
3-2: Strikes out swinging
Batting: SHB Jose Ramirez 0-0: Fly out, F6 (Popup, 6D)
Bottom of the 1st over - 0 runs, 0 hits, 0 errors, 0 left on base; Detroit 0 - Cleveland 0
TOP OF THE 2ND
Detroit Tigers batting - Pitching for Cleveland Indians : RHP Ervin Santana
Batting: RHB Khris Davis 0-0: Ball
1-0: Ball
2-0: Swinging Strike
2-1: Foul Ball, location: 2F
2-2: Ball
3-2: Base on Balls
Batting: RHB Aaron Altherr 0-0: Ball
1-0: Fly out, F9 (Flyball, 9LMF)
Batting: RHB J.T. Realmuto 0-0: Fly out, F2 (Popup, 23F)
Batting: LHB Pedro Alvarez 0-0: Called Strike
0-1: Foul Ball, location: 2F
0-2: Ball
1-2: Fielders Choice at 2nd, U6 (Groundball, 4M)
Top of the 2nd over - 0 runs, 0 hits, 0 errors, 1 left on base; Detroit 0 - Cleveland 0
BOTTOM OF THE 2ND
Cleveland Indians batting - Pitching for Detroit Tigers : RHP Jharel Cotton
Batting: LHB Eric Hosmer 0-0: Ball
1-0: Ball
2-0: SINGLE (Groundball, 34D)
Batting: LHB Matt Joyce 0-0: Ball
1-0: Foul Ball, location: 2F
1-1: SINGLE (Line Drive, 4MD)
Eric Hosmer to second
Batting: LHB Christian Yelich 0-0: Foul Ball, location: 2F
0-1: Called Strike
0-2: Ball
1-2: Ball
2-2: Ball
3-2: Foul Ball, location: 2F
3-2: Grounds into double play, 6-4-3 (Groundball, 6)
Eric Hosmer to third
Batting: RHB Marcus Semien 0-0: Called Strike
0-1: Ball
1-1: Foul Ball, location: 2F
1-2: Strikes out swinging
Bottom of the 2nd over - 0 runs, 2 hits, 0 errors, 1 left on base; Detroit 0 - Cleveland 0
TOP OF THE 3RD
Detroit Tigers batting - Pitching for Cleveland Indians : RHP Ervin Santana
Batting: LHB Kolten Wong 0-0: Swinging Strike
0-1: Foul Ball, location: 2F
0-2: Strikes out swinging
Batting: RHB J.D. Davis 0-0: Ball
1-0: Ball
2-0: Ball
3-0: Called Strike
3-1: Foul Ball, location: 2F
3-2: Base on Balls
Batting: RHB Jean Segura 0-0: Called Strike
0-1: Grounds into double play, 5-4-3 (Groundball, 5L)
Top of the 3rd over - 0 runs, 0 hits, 0 errors, 0 left on base; Detroit 0 - Cleveland 0
BOTTOM OF THE 3RD
Cleveland Indians batting - Pitching for Detroit Tigers : RHP Jharel Cotton
Batting: LHB Brian McCann 0-0: TRIPLE (Line Drive, 89XD)
Batting: RHB Mitch Garver 0-0: Ball
1-0: Foul Ball, location: 2F
1-1: Fly out, F8 (Flyball, 89D)
Runner from 3rd tags up, SCORES, throw by CF
Batting: LHB Jacoby Ellsbury 0-0: Swinging Strike
0-1: Swinging Strike
0-2: Ball
1-2: Ball
2-2: Strikes out swinging
Batting: LHB Matt Carpenter 0-0: Ground out U3 (Groundball, 3L)
Bottom of the 3rd over - 1 run, 1 hit, 0 errors, 0 left on base; Detroit 0 - Cleveland 1
TOP OF THE 4TH
Detroit Tigers batting - Pitching for Cleveland Indians : RHP Ervin Santana
Batting: RHB Jake Marisnick 0-0: Fly out, F9 (Line Drive, 9D)
Batting: RHB George Springer 0-0: Ground out 5-3 (Groundball, 56S)
Batting: RHB Khris Davis 0-0: Ball
1-0: Called Strike
1-1: Called Strike
1-2: Foul Ball, location: 2F
1-2: Ball
2-2: Ball
3-2: Base on Balls
Batting: RHB Aaron Altherr 0-0: Ball
1-0: Called Strike
1-1: Ball
2-1: Foul Ball, location: 2F
2-2: Foul Ball, location: 2F
2-2: Foul Ball, location: 2F
2-2: Foul Ball, location: 2F
2-2: Ball
3-2: Fly out, F9 (Flyball, 9LMF)
Top of the 4th over - 0 runs, 0 hits, 0 errors, 1 left on base; Detroit 0 - Cleveland 1
BOTTOM OF THE 4TH
Cleveland Indians batting - Pitching for Detroit Tigers : RHP Jharel Cotton
Batting: SHB Jose Ramirez 0-0: Ground out 5-3 (Groundball, 5L)
Batting: LHB Eric Hosmer 0-0: Ball
1-0: Ball
2-0: Fly out, F5 (Popup, 5F)
Batting: LHB Matt Joyce 0-0: Foul Ball, location: 2F
0-1: Ball
1-1: Ball
2-1: Ball
3-1: Foul Ball, location: 2F
3-2: Fly out, F8 (Flyball, 78D)
Bottom of the 4th over - 0 runs, 0 hits, 0 errors, 0 left on base; Detroit 0 - Cleveland 1
TOP OF THE 5TH
Detroit Tigers batting - Pitching for Cleveland Indians : RHP Ervin Santana
Batting: RHB J.T. Realmuto 0-0: Ball
1-0: Fly out, F7 (Flyball, 7)
Batting: LHB Pedro Alvarez 0-0: Ball
1-0: Called Strike
1-1: Called Strike
1-2: Ball
2-2: Strikes out swinging
Batting: LHB Kolten Wong 0-0: Called Strike
0-1: DOUBLE (Line Drive, 8LXD)
Batting: RHB J.D. Davis 0-0: Ball
1-0: Called Strike
1-1: Swinging Strike
1-2: Fly out, F7 (Line Drive, 7)
Top of the 5th over - 0 runs, 1 hit, 0 errors, 1 left on base; Detroit 0 - Cleveland 1
BOTTOM OF THE 5TH
Cleveland Indians batting - Pitching for Detroit Tigers : RHP Jharel Cotton
Batting: LHB Christian Yelich 0-0: Called Strike
0-1: Foul Ball, location: 2F
0-2: Strikes out swinging
Batting: RHB Marcus Semien 0-0: Ball
1-0: Fly out, F9 (Flyball, 9)
Batting: LHB Brian McCann 0-0: Called Strike
0-1: Foul Ball, location: 2F
0-2: Ball
1-2: Reached on error, E5 (Groundball, 56)
Batting: RHB Mitch Garver 0-0: Ball
1-0: Called Strike
1-1: Ball
2-1: Foul Ball, location: 2F
2-2: Foul Ball, location: 2F
2-2: Foul Ball, location: 2F
2-2: Ball
3-2: Strikes out looking
Bottom of the 5th over - 0 runs, 0 hits, 1 error, 1 left on base; Detroit 0 - Cleveland 1
TOP OF THE 6TH
Detroit Tigers batting - Pitching for Cleveland Indians : RHP Ervin Santana
Batting: RHB Jean Segura 0-0: Fly out, F3 (Popup, 3F)
Batting: RHB Jake Marisnick 0-0: Ball
1-0: Bunt for hit to P - play at first, batter OUT! 1-3
Batting: RHB George Springer 0-0: Ball
1-0: Swinging Strike
1-1: Ball
2-1: Foul Ball, location: 2F
2-2: Foul Ball, location: 2F
2-2: Ball
3-2: Base on Balls
Batting: RHB Khris Davis 0-0: Foul Ball, location: 2F
0-1: Fly out, F8 (Flyball, 8RM)
Top of the 6th over - 0 runs, 0 hits, 0 errors, 1 left on base; Detroit 0 - Cleveland 1
BOTTOM OF THE 6TH
Cleveland Indians batting - Pitching for Detroit Tigers : RHP Jharel Cotton
Batting: LHB Jacoby Ellsbury 0-0: Called Strike
0-1: Ground out 4-3 (Groundball, 4)
Batting: LHB Matt Carpenter 0-0: Ball
1-0: Ball
2-0: Foul Ball, location: 2F
2-1: Ball
3-1: Ground out 4-3 (Groundball, 4)
Batting: SHB Jose Ramirez 0-0: Called Strike
0-1: Ball
1-1: Ball
2-1: Fly out, F8 (Flyball, 8LXD)
Bottom of the 6th over - 0 runs, 0 hits, 0 errors, 0 left on base; Detroit 0 - Cleveland 1
TOP OF THE 7TH
Detroit Tigers batting - Pitching for Cleveland Indians : RHP Ervin Santana
Batting: RHB Aaron Altherr 0-0: Ball
1-0: Called Strike
1-1: SINGLE (Line Drive, 8LS)
Batting: RHB J.T. Realmuto 0-0: Called Strike
0-1: Fly out, F7 (Flyball, 7)
Batting: LHB Pedro Alvarez 0-0: Ball
1-0: Ball
2-0: Fly out, F8 (Flyball, 8RS)
Batting: LHB Kolten Wong 0-0: SINGLE (Line Drive, 89S)
Aaron Altherr to second
Runner from 2nd tries for 3rd, SAFE, throw by RF made to third
Batting: RHB J.D. Davis 0-0: Foul Ball, location: 2F
0-1: Fly out, F7 (Line Drive, 7D)
Top of the 7th over - 0 runs, 2 hits, 0 errors, 2 left on base; Detroit 0 - Cleveland 1
BOTTOM OF THE 7TH
Cleveland Indians batting - Pitching for Detroit Tigers : RHP Jharel Cotton
Batting: LHB Eric Hosmer 0-0: Ball
1-0: Ball
2-0: Foul Ball, location: 2F
2-1: Ball
3-1: Foul Ball, location: 2F
3-2: Foul Ball, location: 2F
3-2: Base on Balls
Batting: LHB Matt Joyce 0-0: SINGLE (Groundball, 34D)
Eric Hosmer to second
Runner from 2nd tries for 3rd, SAFE, throw by RF made to third
Pitching: RHP A.J. Schugel
Batting: LHB Christian Yelich 0-0: Ball
1-0: Foul Ball, location: 2F
1-1: Ball
2-1: Fly out, F9 (Flyball, 9S)
Batting: RHB Marcus Semien 0-0: Ball
1-0: Called Strike
1-1: Ball
2-1: Ball
3-1: Base on Balls
Matt Joyce to second
Batting: LHB Brian McCann 0-0: Ball
1-0: Ball
2-0: Ball
3-0: Base on Balls
Eric Hosmer scores
Matt Joyce to third
Marcus Semien to second
Batting: RHB Mitch Garver 0-0: Ball
1-0: Called Strike
1-1: Ball
2-1: Ball
3-1: Base on Balls
Matt Joyce scores
Marcus Semien to third
Brian McCann to second
Pitching: LHP Will Smith
Batting: LHB Jacoby Ellsbury 0-0: Called Strike
0-1: SINGLE (Groundball, 3D)
Marcus Semien scores
Brian McCann to third
Mitch Garver to second
Batting: LHB Matt Carpenter 0-0: Ball
1-0: Foul Ball, location: 2F
1-1: Swinging Strike
1-2: Ball
2-2: Strikes out swinging
Batting: SHB Jose Ramirez 0-0: Called Strike
0-1: Foul Ball, location: 2F
0-2: Ball
1-2: Foul Ball, location: 2F
1-2: Strikes out swinging
Bottom of the 7th over - 3 runs, 2 hits, 0 errors, 3 left on base; Detroit 0 - Cleveland 4
TOP OF THE 8TH
Detroit Tigers batting - Pitching for Cleveland Indians : RHP Ervin Santana
Batting: RHB Jean Segura 0-0: Swinging Strike
0-1: Ball
1-1: Foul Ball, location: 2F
1-2: Foul Ball, location: 2F
1-2: Ball
2-2: SINGLE (Flyball, 8RS)
Batting: RHB Jake Marisnick 0-0: Ball
1-0: Foul Ball, location: 2F
1-1: Called Strike
1-2: Ball
2-2: Ball
3-2: Fly out, F7 (Flyball, 7LSF)
Pitching: RHP Hector Rondon
Batting: RHB George Springer 0-0: Ball
1-0: Swinging Strike
1-1: Foul Ball, location: 2F
1-2: Ball
2-2: SINGLE (Groundball, 34D)
Jean Segura to second
Runner from 2nd tries for 3rd, SAFE, throw by RF made to third
Batting: RHB Khris Davis 0-0: SINGLE (Groundball, 6D)
Jean Segura scores
George Springer to second
Batting: RHB Aaron Altherr 0-0: Ball
1-0: Fly out, F4 (Popup, 34S)
Batting: RHB J.T. Realmuto 0-0: Swinging Strike
0-1: Ball
1-1: Foul Ball, location: 2F
1-2: DOUBLE (Flyball, 8LXD)
George Springer scores
Khris Davis to third
Runner from 3rd tries for Home, SAFE, no throw by CF
Pitching: LHP Brian Duensing
Pinch Hitting: RHB Matt Holliday 0-0: Ball
1-0: Ball
2-0: Ball
3-0: Base on Balls
Batting: LHB Kolten Wong 0-0: Called Strike
0-1: Ball
1-1: Swinging Strike
1-2: Ground out 4-3 (Groundball, 4)
Top of the 8th over - 3 runs, 4 hits, 0 errors, 2 left on base; Detroit 3 - Cleveland 4
BOTTOM OF THE 8TH
Cleveland Indians batting - Pitching for Detroit Tigers : LHP Will Smith
Pitching: RHP Jonathan Broxton
Now at 1B: Matt Holliday
Batting: LHB Eric Hosmer 0-0: Called Strike
0-1: Swinging Strike
0-2: Strikes out swinging
Batting: LHB Matt Joyce 0-0: SINGLE (Flyball, 9LM)
Batting: LHB Christian Yelich 0-0: Swinging Strike
0-1: Foul Ball, location: 2F
0-2: Foul Ball, location: 2F
0-2: Foul Ball, location: 2F
0-2: SINGLE (Groundball, 56D)
Matt Joyce to second
Pinch Runner at 2nd Lane Adams:
Batting: RHB Marcus Semien 0-0: Ball
1-0: Ball
Christian Yelich steals 2nd base
Lane Adams steals 3rd base
2-0: Ball
3-0: Base on Balls
Pitching: RHP Pedro Baez
Batting: LHB Brian McCann 0-0: Ball
1-0: Ball
2-0: Foul Ball, location: 2F
2-1: Ball
3-1: Base on Balls
Lane Adams scores
Christian Yelich to third
Marcus Semien to second
Batting: RHB Mitch Garver 0-0: Grounds into double play, 6-2-3 (Groundball, 6)
Bottom of the 8th over - 1 run, 2 hits, 0 errors, 2 left on base; Detroit 3 - Cleveland 5
TOP OF THE 9TH
Detroit Tigers batting - Pitching for Cleveland Indians : LHP Brian Duensing
Pitching: LHP Brett Cecil
Now in RF: Lane Adams
Batting: RHB J.D. Davis 0-0: Ground out 2-3 (Groundball, 15S)
Batting: RHB Jean Segura 0-0: Ball
1-0: SINGLE (Line Drive, 56D)
Batting: RHB Jake Marisnick 0-0: Called Strike
0-1: Ball
1-1: Ball
2-1: Ball
3-1: Base on Balls
Jean Segura to second
Pitching: LHP Zac Rosscup
Batting: RHB George Springer 0-0: Ball
1-0: Called Strike
1-1: Ball
2-1: Ball
3-1: Base on Balls
Jean Segura to third
Jake Marisnick to second
Batting: RHB Khris Davis 0-0: Ball
1-0: Called Strike
1-1: Ball
2-1: Grounds into double play, 6-4-3 (Groundball, 56D)
Top of the 9th over - 0 runs, 1 hit, 0 errors, 2 left on base; Detroit 3 - Cleveland 5
Sunday, November 25th, 2018 - OOTP Baseball 19.9 Build 117